AoeStats
← supay

Arabia

510449718Analyzed
1v1 RM · 1d ago on Oct 1, 2026· 37m 35s· 2 players
Game mode
Random Map
Map size
Tiny (2 player)
Population
200
Speed
Normal
Resources
Standard
Victory
Conquest
Starting age
Dark Age
Ending age
Imperial Age
RankedLock teamsTeams togetherTeam positionsShared explorationLock speedFull tech treeHidden civsTurbo modeCheats
Victory
Defeat
🇦🇷 Magyars · Argentina
1334
+14
🇪🇨 Wu · Ecuador
1292
-14
LlactaPow
8:22 Loom
10:55 Feudal Age
12:04 Horse Collar
11:48 Man-at-Arms
14:39 Forging
16:22 Double-Bit Axe
20:11 Fletching
20:22 Padded Archer Armor
24:36 Castle Age
24:57 Crossbowman
25:51 Elite Skirmisher
30:42 Bodkin Arrow
31:02 Leather Archer Armor
supay
4:51 Loom
10:32 Feudal Age
11:12 Double-Bit Axe
11:42 Man-at-Arms
19:14 Fletching
22:08 Castle Age
22:13 Bloodlines
22:11 Crossbowman
24:23 Bodkin Arrow
26:50 Wheelbarrow
26:07 Gold Mining
26:42 Horse Collar
35:03 Ballistics
Connection lost

Rejoining the realm…

Still unreachable

The connection could not be restored.

Session expired

The server has moved on; the page needs a fresh start.